AoeStats
← buggsy 23

Nomad

510241393Analyzed
3v3 RM · 14h ago on Sep 30, 2026· 45m 19s· 6 players
Game mode
Random Map
Map size
210×210
Population
200
Speed
Normal
Resources
Standard
Victory
Conquest
Starting age
Dark Age
Ending age
Imperial Age
RankedLock teamsTeams togetherTeam positionsShared explorationLock speedFull tech treeHidden civsTurbo modeCheats
Victory
Defeat
🇺🇸 Danes · United States
990
+14
🇺🇸 Byzantines · United States
957
+44
🇨🇭 Persians · Switzerland
921
+17
🇺🇸 Burgundians · United States
1063
-20
🇺🇸 Vikings · United States
932
-15
🇺🇸 Persians · United States
839
-11
FreshUCakes
4:55 Loom
14:10 Feudal Age
14:22 Double-Bit Axe
16:41 Wheelbarrow
15:57 Fishing Lines
19:32 Forging
21:51 Horse Collar
22:24 Bow Saw
22:25 Scale Barding Armor
22:37 Town Watch
27:10 Castle Age
28:11 Pikeman
30:32 Fletching
31:15 Heavy Plow
31:54 Treadmill Crane
33:04 Husbandry
34:31 Bodkin Arrow
36:13 Wheelbarrow
36:08 Murder Holes
36:56 Crop Rotation
37:01 Squires
36:46 Arson
38:42 Hand Cart
40:47 Town Patrol
43:26 Scale Mail Armor
CptJimmer
9:22 Loom
17:01 Feudal Age
18:18 Wheelbarrow
17:33 Town Watch
17:38 Double-Bit Axe
24:06 Fletching
28:54 Horse Collar
30:16 Padded Archer Armor
33:12 Gold Mining
33:13 Stone Mining
36:59 Castle Age
37:53 Hand Cart
37:56 Bow Saw
37:52 Heavy Plow
37:31 Pikeman
38:13 Squires
41:47 Bloodlines
41:38 Husbandry
43:10 Gold Shaft Mining
42:07 Crossbowman
45:28 Bodkin Arrow
45:40 Scale Barding Armor
45:46 Forging
buggsy 23
14:47 Feudal Age
15:56 Double-Bit Axe
16:23 Horse Collar
18:49 Fletching
23:49 Castle Age
21:22 Man-at-Arms
24:17 Pikeman
25:26 Scale Mail Armor
25:39 Forging
26:08 Squires
27:55 Bodkin Arrow
28:37 Heavy Plow
29:41 Padded Archer Armor
39:49 Imperial Age
40:00 Imperial Age
38:59 Iron Casting
38:40 Chain Mail Armor
39:48 Chieftains
42:12 Plate Mail Armor
43:30 Siege Engineers
44:27 Chemistry
fantin1227
14:53 Feudal Age
17:06 Double-Bit Axe
18:52 Wheelbarrow
18:23 Loom
23:53 Castle Age
25:18 Husbandry
32:35 Gold Mining
35:46 Gold Shaft Mining
34:50 Light Cavalry
35:42 Bloodlines
36:05 Fishing Lines
shabolobodingdong
5:26 Loom
13:06 Feudal Age
14:18 Double-Bit Axe
22:42 Castle Age
22:13 Stone Mining
27:09 Gambesons
34:29 Gambesons
34:45 Squires
34:30 Arson
34:47 Hamask
37:58 Fishing Lines
38:44 Scale Mail Armor
44:48 Imperial Age
Gir The Reaper
16:06 Feudal Age
17:07 Double-Bit Axe
25:08 Forging
25:27 Loom
31:02 Castle Age
34:13 Husbandry
34:18 Stone Mining
35:54 Scale Barding Armor
36:32 Iron Casting
Connection lost

Rejoining the realm…

Still unreachable

The connection could not be restored.

Session expired

The server has moved on; the page needs a fresh start.